Map: Eastwatch LE

Players

Roelu - Winner!

  • Race: Zerg Zerg
  • League: Diamond
  • Spawn Location: 7:00

TempO

  • Race: Zerg Zerg
  • League: Master
  • Spawn Location: 1:00

VOD

Have the link to the VOD?

Description

Time

  • Played on: March 13, 2018, 1:31 a.m.
  • Length: 13:39
Show
View Real Time Build Order
Export as new Build Order

Roelu Zerg - Winner!

Build Orders: Hatch First 

Get SALT Encoding   

  12  0:00  Drone  
  13  0:13  Overlord  
  13  0:17  Drone  
  14  0:32  Drone x2  
  14  0:35  Drone  
  17  0:53  Hatchery  
  17  0:55  Drone  
  17  1:00  Drone  
  18  1:10  Extractor  
  17  1:16  Spawning Pool  
  17  1:17  Drone  
  17  1:20  Drone  
  18  1:28  Drone  
  19  1:39  Overlord  
  19  2:02  Zergling x4  
  19  2:03  Queen  
  19  2:05  Queen  
  19  2:07  Drone  
  26  2:10  Metabolic Boost  
  26  2:12  Drone  
  27  2:22  Drone x2  
  29  2:27  Zergling x2  
  30  2:44  Zergling x6  
  30  2:47  Hatchery  
  32  2:52  Drone  
  32  2:55  Drone  
  34  2:59  Baneling Nest  
  34  3:01  Drone  
  35  3:05  Drone  
  35  3:09  Drone  
  36  3:18  Overlord  
  36  3:20  Overlord  
  36  3:27  Pneumatized Carapace  
  35  3:34  Roach Warren  
  35  3:36  Drone x2  
  35  3:37  Evolution Chamber  
  34  3:42  Zergling x6  
  37  3:49  Baneling x2  
  37  3:59  Drone  
  37  4:02  Drone x5  
  43  4:03  Extractor x2  
  39  4:20  Drone x4  
  39  4:23  Drone x4  
  39  4:24  Drone  
  48  4:25  Drone  
  48  4:27  Drone  
  50  4:40  Zergling x8  
  50  4:41  Zergling x2  
  54  4:46  Overlord  
  54  4:48  Zergling x2  
  54  4:52  Queen  
  57  4:55  Zergling x2  
  57  5:03  Baneling x5  
  57  5:04  Roach x2  
  61  5:08  Lair  
  61  5:13  Zerg Missile Weapons Level 1  
  61  5:19  Roach x2  
  63  5:38  Roach x2  
  63  5:39  Overlord  
  63  5:40  Overlord x3  
  66  5:54  Overlord  
  66  5:55  Overlord  
  66  5:57  Ravager x3  
  66  5:59  Ravager  
  66  6:02  Drone x8  
  66  6:03  Extractor  
  76  6:17  Drone x3  
  89  6:18  Roach x5  
  89  6:20  Drone  
  90  6:39  Roach x6  
  102  6:49  Roach x5  
  102  6:50  Overlord  
  102  6:51  Overlord  
  112  6:55  Drone  
  112  6:57  Overlord  
  113  7:23  Drone x7  
  113  7:24  Roach x4  
  113  7:25  Roach x5  
  137  7:39  Zerg Missile Weapons Level 2  
  137  7:48  Overlord x2  
  137  7:49  Overlord x3  
  137  7:59  Overlord  
  137  8:00  Overlord  
  137  8:13  Hatchery  
  121  8:21  Roach x4  
  121  8:22  Roach x6  
  141  8:30  Drone, Extractor  
  141  8:31  Extractor  
  140  8:34  Burrow  
  140  8:40  Drone x2  
  140  8:41  Drone  
  143  8:45  Roach x2  
  144  8:52  Roach x2  
  126  8:59  Roach x10  
  119  9:09  Overseer  
  115  9:12  Roach x3  
  115  9:16  Roach  
  122  9:21  Roach x2  
  124  9:25  Glial Reconstitution  
  124  9:28  Roach x5  
  124  9:29  Roach x5  
  120  9:41  Roach x4  
  126  9:48  Roach x2  
  128  9:55  Zerg Ground Armor Level 1, Roach x4  
  128  9:57  Queen  
  128  9:59  Drone x2  
  140  10:03  Overlord  
  140  10:10  Roach x9  
  140  10:12  Ravager  
  140  10:13  Ravager  
  160  10:15  Roach  
  160  10:21  Drone x6  
  168  10:26  Ravager x2  
  170  10:42  Roach x10  
  190  10:49  Drone x3  
  193  10:50  Drone x3  
  190  11:14  Roach x8  
  190  11:15  Roach x6  
  173  11:26  Roach x7  
  160  11:48  Roach x7  
  160  11:54  Tunneling Claws  
  162  12:01  Roach x2  
  162  12:19  Drone x5  
  162  12:20  Drone  
  145  13:02  Roach x9  
  145  13:24  Extractor  
  145  13:25  Extractor  
  135  13:37  Hatchery  
Show
View Real Time Build Order
Export as new Build Order

TempO Zerg 

Build Orders: Hatch First 

Get SALT Encoding   

  12  0:02  Drone  
  13  0:12  Overlord  
  13  0:23  Drone  
  14  0:30  Drone  
  14  0:31  Drone  
  16  0:35  Drone  
  17  0:55  Hatchery  
  16  0:57  Drone  
  17  1:06  Drone, Extractor  
  17  1:17  Spawning Pool  
  16  1:24  Drone  
  17  1:40  Drone  
  17  1:41  Overlord  
  18  1:53  Drone  
  19  2:04  Queen  
  19  2:07  Zergling x4  
  23  2:08  Metabolic Boost  
  23  2:10  Queen  
  23  2:15  Drone  
  26  2:25  Drone x2  
  28  2:35  Drone x2  
  30  2:48  Hatchery  
  29  2:55  Drone x3  
  29  2:56  Zergling x2  
  33  3:07  Zergling x6  
  36  3:13  Baneling Nest  
  36  3:15  Zergling x2  
  36  3:16  Overlord  
  34  3:28  Zergling x4  
  36  3:38  Zergling x10  
  36  3:40  Drone  
  42  3:55  Overlord  
  42  3:58  Baneling x2  
  42  4:02  Queen  
  44  4:07  Drone  
  44  4:15  Drone x2  
  44  4:16  Drone  
  44  4:19  Drone  
  45  4:25  Evolution Chamber  
  45  4:26  Drone x7  
  51  4:37  Drone  
  51  4:38  Drone  
  51  4:41  Drone  
  51  4:42  Drone x4  
  52  4:45  Drone  
  53  4:57  Zergling x6  
  56  5:02  Extractor  
  56  5:05  Zergling x6  
  58  5:09  Zerg Missile Weapons Level 1, Extractor  
  58  5:10  Extractor  
  58  5:11  Roach Warren  
  58  5:12  Spine Crawler  
  58  5:13  Zergling x2  
  54  5:18  Zergling x2  
  54  5:19  Zergling x6  
  57  5:29  Baneling x2  
  57  5:30  Overlord  
  57  5:31  Overlord  
  57  5:35  Zergling x2  
  58  5:40  Overlord  
  58  5:51  Overlord  
  58  5:52  Lair  
  58  5:55  Drone x6  
  58  5:56  Overlord, Drone  
  65  5:57  Drone x3  
  67  6:12  Overlord  
  67  6:13  Roach  
  67  6:14  Roach x5  
  78  6:21  Roach x3  
  78  6:22  Roach  
  86  6:27  Roach x2  
  86  6:30  Roach  
  86  6:31  Roach  
  92  6:37  Overlord  
  92  6:43  Roach x3  
  97  6:49  Glial Reconstitution  
  97  6:55  Overlord  
  97  6:57  Overlord  
  97  6:58  Overlord  
  97  6:59  Drone x4  
  101  7:05  Roach x2  
  101  7:06  Roach  
  106  7:14  Roach x2  
  106  7:15  Roach  
  111  7:20  Roach x2  
  111  7:21  Roach x2  
  119  7:25  Drone x2  
  119  7:28  Zerg Missile Weapons Level 2  
  118  7:33  Roach x3  
  118  7:36  Overlord  
  124  7:38  Baneling x2  
  124  7:45  Roach x3  
  124  7:50  Overlord  
  124  7:51  Overlord x2  
  130  8:00  Overlord  
  130  8:01  Extractor  
  130  8:02  Ravager x3, Spine Crawler  
  131  8:17  Roach x7  
  141  8:22  Roach x2  
  141  8:23  Roach  
  147  8:27  Overlord  
  147  8:32  Drone x6  
  153  8:37  Overlord  
  153  8:38  Tunneling Claws  
  153  8:41  Drone x3  
  156  8:52  Burrow  
  156  8:55  Drone x3  
  140  8:56  Drone  
  134  9:07  Drone  
  135  9:19  Spine Crawler x2  
  135  9:20  Extractor  
  132  9:30  Roach  
  122  9:33  Roach x3  
  122  9:34  Roach x4  
  122  9:36  Hatchery  
  121  9:39  Roach x12  
  121  9:43  Roach x3  
  146  9:51  Roach x2  
  139  10:05  Overlord  
  139  10:09  Overlord  
  139  10:22  Ravager x8  
  139  10:23  Roach x3, Queen x2  
  139  10:24  Queen  
  139  10:25  Zergling x2  
  139  10:26  Zergling x14  
  167  10:28  Spine Crawler  
  166  10:38  Roach x5  
  166  10:42  Roach  
  178  10:43  Overlord  
  178  10:44  Baneling  
  178  10:49  Infestation Pit, Roach x3  
  177  10:52  Roach x5  
  177  10:53  Roach x2  
  177  10:55  Roach x2  
  177  10:56  Overlord, Roach x3  
  141  11:19  Roach x4  
  141  11:20  Roach x8  
  141  11:21  Roach  
  141  11:25  Roach x2  
  149  11:27  Roach  
  149  11:29  Roach  
  149  11:31  Roach  
  149  11:34  Roach  
  149  11:38  Roach x2  
  149  11:39  Roach  
  142  11:46  Roach x2  
  122  11:49  Roach  
  122  11:51  Roach x7  
  98  11:59  Roach  
  98  12:00  Roach x3  
  87  12:12  Overlord  
  87  12:13  Zergling x16  
  75  12:26  Drone  
  75  12:29  Drone  
  74  12:30  Drone x3  
  74  12:34  Baneling  
  74  12:35  Baneling x5  
  65  12:40  Drone x2  
  65  12:42  Drone  
  55  13:03  Roach  
  55  13:12  Spawning Pool  
Tags
 
Add a new tag
Caveats
  • Supply blocks, unpowered buildings, or Contaminate may cause inaccurate times.
  • Supply counts are checked every 10 seconds.